[Event "Titled Tuesday Blitz September 27 Late 2022"]
[White "Rustemov, Alexander"]
[Black "Vlassov, Nikolai"]
[WhiteFideId "4119002"]
[BlackFideId "4103360"]
[WhiteElo "2825"]
[BlackElo "2324"]
[Result "1/2-1/2"]
[Round "11"]
[TimeControl "180+1"]
[Date "2022.09.27"]
[WhiteClock "0:00:23"]
[BlackClock "0:00:39"]

1. d4 Nf6 2. c4 Nc6 3. Nf3 e6 4. a3 g6 5. Nc3 Bg7 6. g3 O-O 7. Bg2 d6 8. O-O e5 9. dxe5 dxe5 10. Bg5 Be6 11. Qa4 Qe8 12. Rfd1 h6 13. Bxf6 Bxf6 14. Nd5 Bd8 15. Rac1 Nd4 16. Qxe8 Nxf3+ 17. Bxf3 Rxe8 18. c5 c6 19. Nc3 f5 20. e4 f4 21. b4 Be7 22. Be2 a5 23. Nb1 axb4 24. axb4 Red8 25. Nd2 Ra2 26. Bc4 Raxd2 27. Bxe6+ Kg7 28. Rxd2 Rxd2 29. Rb1 Bd8 30. Bc8 b6 31. Bb7 bxc5 32. bxc5 Rc2 33. Bxc6 Rxc5 34. Bd5 Rc2 35. Kg2 g5 36. h3 h5 37. g4 hxg4 38. hxg4 Be7 39. Rb7 Kf6 40. Rb6+ Kg7 41. Ra6 Bc5 42. Ra2 Rxa2 43. Bxa2 Kf6 1/2-1/2


[Site "https://www.chess.com"]

[Event "Titled Tuesday Blitz September 27 Late 2022"]
[White "Sadilek, Peter"]
[Black "Salman, Pavel"]
[WhiteFideId "1616439"]
[BlackFideId "24153753"]
[WhiteElo "2145"]
[BlackElo "2039"]
[Result "0-1"]
[Round "11"]
[TimeControl "180+1"]
[Date "2022.09.28"]
[WhiteClock "0:00:06"]
[BlackClock "0:00:09"]

1. c4 Nf6 2. g3 c5 3. Bg2 e6 4. Nf3 b6 5. Ne5 d5 6. Nc3 Bb7 7. Qa4+ Nbd7 8. cxd5 exd5 9. Nxd7 Qxd7 10. Qxd7+ Kxd7 11. d3 h6 12. O-O Bd6 13. e4 d4 14. Nb5 Bb8 15. a4 Re8 16. Bd2 Ke7 17. b4 Kf8 18. a5 Ba6 19. axb6 axb6 20. bxc5 bxc5 21. Ra5 Bxb5 22. Rxb5 Ra2 23. Rd1 Nd7 24. f4 Ba7 25. e5 Rb8 26. Rxb8+ Nxb8 27. Bd5 Rb2 28. Ra1 Bb6 29. Ra8 Bc7 30. Bc1 Rb1 31. Kg2 Rxc1 32. Ra7 Bd8 33. Rb7 Rc2+ 34. Kf3 Na6 35. Rxf7+ Ke8 36. Rxg7 Be7 37. Bc4 Nc7 38. f5 Rc1 39. Ke4 Re1+ 40. Kf4 Rf1+ 41. Ke4 Re1+ 42. Kf4 Rf1+ 43. Kg4 h5+ 44. Kxh5 Rxf5+ 45. Kg6 Rg5+ 46. Kh7 Rh5+ 47. Kg8 Rxe5 48. Bf7+ Kd7 49. Bc4 Ne6 50. h4 Nxg7 51. Kxg7 Re3 52. g4 Bxh4 53. Kg6 Be7 54. Kf5 Kd6 55. g5 Rg3 56. g6 Bf8 57. Kf6 Bh6 58. Bf7 Kc7 59. Ke5 Rxd3 60. Kd5 Rc3 61. Be6 Bg7 62. Bg4 Re3 63. Bf5 Re5+ 64. Kc4 Rxf5 0-1


[Site "https://www.chess.com"]

[Event "Titled Tuesday Blitz September 27 Late 2022"]
[White "Salinas Herrera, Pablo"]
[Black "Rosen, Eric"]
[WhiteFideId "3407128"]
[BlackFideId "2032562"]
[WhiteElo "2550"]
[BlackElo "2362"]
[Result "1-0"]
[Round "11"]
[TimeControl "180+1"]
[Date "2022.09.28"]
[WhiteClock "0:00:44"]
[BlackClock "0:00:01"]

1. e4 e5 2. Nf3 Nf6 3. Nxe5 Nc6 4. Nxc6 dxc6 5. d3 Bc5 6. Be2 h5 7. Be3 Bxe3 8. fxe3 Ng4 9. Bxg4 hxg4 10. g3 Qd6 11. Nd2 Be6 12. a3 O-O-O 13. Qe2 Rh3 14. Rf1 Rdh8 15. Rf2 Qe5 16. O-O-O Qh5 17. Nf1 f6 18. Qd2 b6 19. Qc3 Kb7 20. b3 a5 21. a4 Qg6 22. Kb2 R3h5 23. Rf4 Rc5 24. Qd2 Rd8 25. d4 Rh5 26. Qc3 Qh6 27. Rd2 Bc8 28. Qd3 Qh7 29. c4 Re8 30. Qc2 Rh6 31. Rdf2 Re6 32. d5 Re5 33. Ka2 Qg8 34. Qd3 Qf8 35. Qd4 c5 36. Qxe5 Qd8 37. Qc3 Rh5 38. Nd2 Qh8 39. Nf1 Qd8 40. Qb2 Re5 41. Qe2 Qd7 42. Nd2 c6 43. Rf5 Re8 44. e5 cxd5 45. exf6 gxf6 46. Rxd5 Re7 47. Rxd7+ Bxd7 48. Qd3 b5 49. Qd6 Rh7 50. Rxf6 bxa4 51. bxa4 Bxa4 52. Qb6+ Kc8 53. Rf8+ Kd7 54. Rd8+ 1-0


[Site "https://www.chess.com"]

[Event "Titled Tuesday Blitz September 27 Late 2022"]
[White "Sam, Gabriel"]
[Black "Harvey, Marcus R"]
[WhiteFideId "75000776"]
[BlackFideId "400092"]
[WhiteElo "2490"]
[BlackElo "2485"]
[Result "1-0"]
[Round "11"]
[TimeControl "180+1"]
[Date "2022.09.28"]
[WhiteClock "0:00:13"]
[BlackClock "0:00:02"]

1. e4 e6 2. d4 d5 3. Nd2 h6 4. Ngf3 Nf6 5. Bd3 dxe4 6. Nxe4 Nc6 7. c3 Bd7 8. Qe2 Be7 9. Bd2 a6 10. g4 Nxe4 11. Qxe4 Na7 12. Ne5 Bc6 13. Nxc6 Nxc6 14. O-O-O Qd5 15. Qxd5 exd5 16. Rde1 Kd7 17. Bf5+ Kd8 18. h4 Re8 19. g5 g6 20. Bd3 h5 21. f4 Bd6 22. f5 gxf5 23. Bxf5 Ne7 24. Bd3 Ng6 25. Ref1 Ke7 26. Rf6 Rg8 27. Re1+ Kf8 28. Ref1 Nxh4 29. Rxf7+ Ke8 30. Rh7 Bf8 31. Rxh5 Ng6 32. Bf5 Rg7 33. Rh7 Ne7 34. Rxg7 Bxg7 35. Be6 Bf8 36. g6 c6 37. Bg5 Rd8 38. Rf7 Rd6 39. Bxe7 Bxe7 40. g7 Rxe6 41. g8=Q+ Kd7 42. Rf1 Re3 43. Qg4+ Kc7 44. Qg7 Kb6 45. Kd2 Re4 46. Re1 Bf8 47. Qxf8 1-0


[Site "https://www.chess.com"]

[Event "Titled Tuesday Blitz September 27 Late 2022"]
[White "Sargsyan, Anna M."]
[Black "Yanchenko, Roman"]
[WhiteFideId "13308130"]
[BlackFideId "4137329"]
[WhiteElo "2271"]
[BlackElo "2514"]
[Result "1/2-1/2"]
[Round "11"]
[TimeControl "180+1"]
[Date "2022.09.27"]
[WhiteClock "0:00:03"]
[BlackClock "0:00:12"]

1. d4 d5 2. c4 c6 3. Nf3 Nf6 4. Nc3 g6 5. cxd5 cxd5 6. Bf4 Bg7 7. e3 O-O 8. Be2 Nc6 9. O-O a6 10. Rc1 Bg4 11. h3 Bxf3 12. Bxf3 e6 13. Na4 Rc8 14. Nc5 Qb6 15. a3 Qxb2 16. Rb1 Qxa3 17. Bd6 Rfe8 18. Nxb7 Qa2 19. Bc5 Rb8 20. Ra1 Qb2 21. Nd6 Red8 22. Rxa6 Nb4 23. Ra7 Nd7 24. Qa4 Nxc5 25. dxc5 Nd3 26. Nxf7 Nxc5 27. Qh4 Rf8 28. Nh6+ Bxh6 29. Qxh6 Rb7 30. Rxb7 Qxb7 31. Rc1 Nd3 32. Rd1 Ne5 33. Be2 Qe7 34. e4 dxe4 35. Qe3 Qf6 36. Rd6 Qf5 37. Ra6 Rf7 38. Bd1 Nd3 39. Bb3 Qxf2+ 40. Qxf2 Rxf2 41. Rxe6 Rb2 42. Bc4 Kg7 43. Rxe4 Rb1+ 44. Kh2 Nc5 45. Re5 Na4 46. Re7+ Kf6 47. Rxh7 Nc5 48. Rc7 Ne4 49. Rf7+ Kg5 50. Bd3 Rb4 51. Re7 Nf6 52. Re5+ Kh6 53. Re6 Kg7 54. Ra6 Rb7 55. Bc2 Rc7 56. Bb1 Rb7 57. Bd3 Rd7 58. Ra3 Kh6 59. g4 Rd6 60. Kg3 g5 61. Bf5 Kg7 62. Re3 Kf7 63. Rb3 Ra6 64. Rb7+ Kf8 65. Rb8+ Ke7 66. Rb7+ Kf8 67. Bg6 Nd5 68. Be4 Ra3+ 69. Bf3 Nf6 70. h4 gxh4+ 71. Kf4 h3 72. g5 Ne8 73. g6 Ng7 74. Rb8+ Ke7 75. Rh8 Ne6+ 76. Kg4 Nd4 77. Be4 Kf6 78. Rxh3 Rxh3 79. Kxh3 Ne6 80. Kg3 Nf8 81. Kg4 Nxg6 1/2-1/2


[Site "https://www.chess.com"]

[Event "Titled Tuesday Blitz September 27 Late 2022"]
[White "Sernecki, Franciszek"]
[Black "Bispo, Leonardo"]
[WhiteFideId "1169297"]
[BlackFideId "2107899"]
[WhiteElo "2168"]
[BlackElo "2253"]
[Result "1/2-1/2"]
[Round "11"]
[TimeControl "180+1"]
[Date "2022.09.28"]
[WhiteClock "0:00:08"]
[BlackClock "0:00:36"]

1. c4 Nf6 2. Nc3 g6 3. e4 Bg7 4. e5 Ng8 5. d4 d6 6. exd6 cxd6 7. Nf3 Nf6 8. Bd3 O-O 9. O-O d5 10. c5 b6 11. b4 a5 12. b5 bxc5 13. dxc5 Ne4 14. Bxe4 Bxc3 15. Bxd5 Ra7 16. Bf4 Bxa1 17. c6 Bg7 18. Bxb8 Qb6 19. Bxa7 Qxa7 20. Qb3 Qb6 21. a4 Bg4 22. Nd2 e6 23. Nc4 Qc5 24. Be4 Be2 25. Rc1 Bd4 26. Qc2 Bxf2+ 27. Kh1 Bxc4 28. Qxc4 Qxc4 29. Rxc4 Bb6 30. g4 Rd8 31. c7 Rc8 32. Rc6 Be3 33. Kg2 Kf8 34. Kf3 Bg1 35. b6 Bxb6 36. Rxb6 Rxc7 37. Rb5 Rc3+ 38. Kf2 Rc4 39. Kf3 Rxa4 40. g5 Ra1 41. Kf4 a4 42. Rb8+ Kg7 43. Ra8 a3 44. Ke5 a2 45. h4 h6 46. Ra3 hxg5 47. hxg5 Rg1 48. Rxa2 Rxg5+ 49. Kf4 Rc5 50. Ra7 Kf6 51. Bd3 Rd5 52. Be4 Rd4 53. Ke3 Rc4 54. Bd3 Rb4 55. Bc2 g5 56. Kf3 Rf4+ 57. Ke3 Kg7 58. Bb3 Kh6 59. Bc2 e5 60. Ra6+ f6 61. Ra7 g4 62. Rh7+ Kg5 63. Rg7+ Kh4 64. Be4 Kg3 65. Ra7 f5 66. Bd5 e4 67. Ra1 Rf3+ 68. Ke2 Rd3 69. Be6 Kf4 70. Rf1+ Rf3 71. Rxf3+ exf3+ 72. Kf1 Kg3 73. Bxf5 Kf4 74. Bxg4 Kxg4 75. Kf2 Kf4 76. Kf1 Ke3 77. Ke1 Ke4 78. Kf2 Kf4 79. Kf1 Ke4 80. Kf2 Kf4 1/2-1/2


[Site "https://www.chess.com"]

[Event "Titled Tuesday Blitz September 27 Late 2022"]
[White "Shivakumar, Shawnak"]
[Black "Ekdyshman, Mikhail"]
[WhiteFideId "30940192"]
[BlackFideId "4149416"]
[WhiteElo "1711"]
[BlackElo "2146"]
[Result "1-0"]
[Round "11"]
[TimeControl "180+1"]
[Date "2022.09.28"]
[WhiteClock "0:00:17"]
[BlackClock "0:00:01"]

1. c4 e5 2. Nc3 Nf6 3. Nf3 Nc6 4. e3 Bb4 5. Qc2 O-O 6. Nd5 a5 7. a3 Bc5 8. h4 d6 9. Ng5 g6 10. Nxf6+ Qxf6 11. Ne4 Qg7 12. Nxc5 dxc5 13. h5 Bf5 14. d3 Rad8 15. b3 e4 16. Bb2 exd3 17. Bxg7 dxc2 18. Bxf8 Kxf8 19. hxg6 Bxg6 20. f3 a4 21. bxa4 Na5 22. Be2 Nb3 23. Kf2 Rd2 24. e4 f5 25. Ke3 f4+ 26. Kf2 Bf7 27. Ke1 Rd4 28. Kf2 Bxc4 29. Bxc4 Rxc4 30. Rac1 Nd4 31. Rxh7 Nb3 32. Rhh1 Ke7 33. Ke2 c6 34. Kd3 Rd4+ 35. Kc3 Nxc1 36. Rxc1 Rxa4 37. Kb3 b5 38. Rxc2 c4+ 39. Kb2 Kd6 40. Rd2+ Ke5 41. Rd8 c3+ 42. Kxc3 Rxa3+ 43. Kb4 Ra4+ 44. Kc5 Rc4+ 45. Kb6 b4 46. Ka5 b3 47. Rb8 Rc3 48. Ka4 Rc2 49. Rxb3 Rxg2 50. Ka5 Rc2 51. Kb6 Kd4 52. Kc7 c5 53. Kd6 c4 54. Ra3 Re2 55. Ra5 Re3 56. Rd5+ Kc3 57. e5 Rxf3 58. e6 Rd3 59. e7 Re3 60. Re5 Rd3+ 61. Kc6 Kd4 62. e8=Q Kc3 63. Re4 f3 64. Qf7 Rd4 65. Rxd4 1-0


[Site "https://www.chess.com"]

[Event "Titled Tuesday Blitz September 27 Late 2022"]
[White "So, Wesley"]
[Black "Kamsky, Gata"]
[WhiteFideId "5202213"]
[BlackFideId "2000024"]
[WhiteElo "2763"]
[BlackElo "2666"]
[Result "1/2-1/2"]
[Round "11"]
[TimeControl "180+1"]
[Date "2022.09.27"]
[WhiteClock "0:00:04"]
[BlackClock "0:00:17"]

1. e4 c5 2. Nf3 e6 3. g3 b6 4. Bg2 Bb7 5. Qe2 d6 6. d4 cxd4 7. Nxd4 Nc6 8. Nxc6 Bxc6 9. O-O Qc7 10. Nc3 Be7 11. Rd1 a6 12. Bf4 Nf6 13. Rd3 h6 14. Rad1 e5 15. Bc1 O-O 16. h4 b5 17. a3 a5 18. g4 b4 19. g5 bxc3 20. gxf6 Bxf6 21. Rxc3 Rfb8 22. Qc4 Rb6 23. Be3 Rba6 24. Bf1 Qd7 25. Bg2 Bb5 26. Qd5 a4 27. h5 Rb8 28. Bc5 Bc6 29. Qxd6 Qb7 30. Qd3 Rd8 31. Qe2 Rxd1+ 32. Qxd1 Bxe4 33. Bxe4 Qxe4 34. Qf3 Qe1+ 35. Kg2 e4 36. Qe3 Qxe3 37. Rxe3 Rc6 38. Bb4 Rxc2 39. Rxe4 Bxb2 40. Bd6 Rd2 41. Bc5 Rd5 42. Be3 Rxh5 43. Rxa4 Rd5 44. Ra8+ Kh7 45. a4 Bd4 46. Bc1 Rc5 47. Ba3 Rc2 48. a5 Rxf2+ 49. Kg3 Ra2 50. Bb4 g5 51. Rd8 Be5+ 52. Kg4 Kg6 53. Rg8+ Bg7 54. Bf8 f5+ 55. Kf3 g4+ 56. Kg3 Rxa5 57. Rxg7+ Kf6 58. Rb7 h5 59. Rb6+ Ke5 60. Bd6+ Ke4 61. Rb4+ Kd5 62. Bf4 Ra3+ 63. Kh4 Rh3+ 64. Kg5 g3 65. Rb5+ Ke4 66. Rb4+ Kd5 67. Rb2 h4 68. Rg2 Rh2 69. Rxh2 gxh2 70. Bxh2 Ke4 71. Kxh4 f4 72. Bxf4 1/2-1/2


[Site "https://www.chess.com"]

[Event "Titled Tuesday Blitz September 27 Late 2022"]
[White "Spitzl, Vinzent"]
[Black "Alfaro, William"]
[WhiteFideId "12901253"]
[BlackFideId "6100457"]
[WhiteElo "2160"]
[BlackElo "2096"]
[Result "1-0"]
[Round "11"]
[TimeControl "180+1"]
[Date "2022.09.28"]
[WhiteClock "0:00:15"]
[BlackClock "0:00:15"]

1. Nf3 Nf6 2. g3 g6 3. Bg2 Bg7 4. O-O O-O 5. d4 c5 6. c3 b6 7. Bf4 Bb7 8. Nbd2 d6 9. Re1 Nc6 10. e4 Nh5 11. Be3 e5 12. dxe5 dxe5 13. Nc4 Qe7 14. Qd6 Rfe8 15. Rad1 Rad8 16. Qxe7 Rxe7 17. Rxd8+ Nxd8 18. Rd1 Nc6 19. Bh3 Bf8 20. a4 f6 21. Nd6 Ba6 22. Nb5 Ng7 23. Nd2 f5 24. Nc4 f4 25. Bc1 Kf7 26. f3 g5 27. b3 Bb7 28. Nbd6+ Kf6 29. Nxb7 Rxb7 30. Bd7 Nd8 31. Kg2 Nde6 32. Bc6 Rc7 33. Bd5 Rd7 34. Kf2 Be7 35. Ke2 Bd8 36. Bb2 Bc7 37. b4 a6 38. a5 bxa5 39. bxa5 h5 40. Ba3 Bd6 41. Rb1 Bc7 42. Rb7 g4 43. Bc6 Rf7 44. Ra7 gxf3+ 45. Kxf3 fxg3 46. Kxg3 Ng5 47. Rxa6 Kg6 48. Be8+ N7e6 49. Bxf7+ Kxf7 50. Ra7 Nf4 51. Rxc7+ Kf6 52. Bxc5 Nxe4+ 53. Kf3 Kf5 54. Ke3 h4 55. Rf7+ Ke6 56. Rxf4 exf4+ 57. Kxe4 f3 58. Kxf3 Kd5 59. a6 Kxc4 60. a7 Kxc5 61. a8=Q Kc4 62. Qh8 Kd3 63. Qxh4 Kc2 64. Qg4 Kb3 65. h4 Kc2 66. h5 Kb3 67. h6 Kc2 68. h7 Kb3 69. h8=Q 1-0


[Site "https://www.chess.com"]

[Event "Titled Tuesday Blitz September 27 Late 2022"]
[White "Storey, Charles H"]
[Black "Reprintsev, Alexander"]
[WhiteFideId "406686"]
[BlackFideId "14100541"]
[WhiteElo "2188"]
[BlackElo "2108"]
[Result "1/2-1/2"]
[Round "11"]
[TimeControl "180+1"]
[Date "2022.09.28"]
[WhiteClock "0:00:03"]
[BlackClock "0:00:03"]

1. d4 d5 2. Nf3 Nc6 3. g3 Bf5 4. Bg2 Nb4 5. Na3 e6 6. O-O h6 7. c3 Nc6 8. c4 Nf6 9. Qb3 Rb8 10. Bf4 g5 11. Be5 Bg7 12. Nb5 Nxe5 13. dxe5 Ne4 14. cxd5 exd5 15. Qxd5 O-O 16. Qxd8 Rfxd8 17. Nxc7 Rbc8 18. Nb5 a6 19. Nbd4 Bg6 20. g4 Nd2 21. Nxd2 Rxd4 22. Nf3 Rxg4 23. h3 Rb4 24. b3 Rc2 25. e3 g4 26. Nd4 Rc5 27. hxg4 Rxe5 28. a3 Rb6 29. Rac1 Rg5 30. Rc8+ Kh7 31. b4 Bxd4 32. exd4 Rxg4 33. d5 Rd6 34. Kh2 Rh4+ 35. Kg3 Rh5 36. f4 a5 37. Rc7 b6 38. Rc6 Rd7 39. Rxb6 axb4 40. axb4 Rf5 41. Bh3 Rfxd5 42. Bxd7 Rxd7 43. Rb8 Rd3+ 44. Kf2 Rb3 45. Re1 Bf5 46. Re5 Be6 47. f5 Bc4 48. Rc8 Rxb4 49. Re4 Rb2+ 50. Ke3 Ba2 51. Kf4 Kg7 52. Rc6 Rf2+ 53. Kg3 Rxf5 54. Rg4+ Kf8 55. Rc8+ Ke7 56. Ra8 Be6 57. Re4 Kf6 58. Rf4 Rxf4 59. Kxf4 h5 60. Ra7 Kg6 61. Rc7 h4 62. Ra7 h3 63. Kg3 Kg5 64. Ra5+ Kf6 65. Rh5 Ke7 66. Rh6 Kd6 67. Rh4 Kd5 68. Rh8 f6 69. Kf4 Bd7 70. Rd8 Kd6 71. Rh8 Be6 72. Rh6 Ke7 73. Rh7+ Kf8 74. Rh4 Kg7 75. Kg3 Bf5 76. Rf4 Kg6 77. Rb4 Kg5 78. Rb6 Bd7 79. Rb8 Bc6 80. Rg8+ Kh6 81. Rc8 Bg2 82. Rc5 Kg6 83. Kh2 f5 84. Kg3 Kg5 85. Rc4 Bf1 86. Rb4 Bg2 87. Kh2 Kf6 88. Kg3 Ke5 89. Rb5+ Ke4 90. Rb4+ Ke3 91. Rb3+ Kd2 92. Rb2+ Kd3 93. Rb3+ Kc4 94. Rb2 f4+ 95. Kxf4 h2 96. Rb1 Kd3 97. Kg3 h1=Q 98. Rxh1 Bxh1 1/2-1/2


[Site "https://www.chess.com"]

[Event "Titled Tuesday Blitz September 27 Late 2022"]
[White "Tanenbaum, Zachary"]
[Black "Pakleza, Zbigniew"]
[WhiteFideId "2060850"]
[BlackFideId "1119290"]
[WhiteElo "2175"]
[BlackElo "2411"]
[Result "1-0"]
[Round "11"]
[TimeControl "180+1"]
[Date "2022.09.27"]
[WhiteClock "0:00:25"]
[BlackClock "0:00:02"]

1. e4 d6 2. d4 Nf6 3. Nc3 c6 4. Nf3 Bg4 5. Bc4 e6 6. h3 Bh5 7. Bf4 d5 8. exd5 cxd5 9. Bb5+ Nc6 10. g4 Bg6 11. Ne5 Qb6 12. h4 a6 13. Bxc6+ bxc6 14. h5 Qxb2 15. hxg6 Qxc3+ 16. Bd2 Qa3 17. gxf7+ Kd8 18. Ng6 hxg6 19. Rxh8 Ke7 20. Qb1 Kxf7 21. Qb7+ Be7 22. Qxa8 Qb2 23. Rc1 g5 24. Qxc6 Qxd4 25. Qc3 Qxg4 26. Qg3 Qe4+ 27. Qe3 Qg4 28. Qxg5 Qe4+ 29. Qe3 Qg4 30. Qg3 Qe4+ 31. Kf1 Qc4+ 32. Kg1 Ne4 33. Qf3+ Bf6 34. Qh5+ Ke7 35. Qe8+ Kd6 36. Qb8+ Kd7 37. Qb7+ Kd6 38. Qb4+ Qxb4 39. Bxb4+ Ke5 40. c4 dxc4 41. Rxc4 Kd5 42. Rcc8 Ng5 43. Bc3 e5 44. Rhe8 Nf3+ 45. Kg2 e4 46. Bxf6 gxf6 47. Rcd8+ 1-0


[Site "https://www.chess.com"]

[Event "Titled Tuesday Blitz September 27 Late 2022"]
[White "Thomforde-Toates, Noah"]
[Black "Amburgy, Ryan"]
[WhiteFideId "30951992"]
[BlackFideId "30924820"]
[WhiteElo "2597"]
[BlackElo "2066"]
[Result "1/2-1/2"]
[Round "11"]
[TimeControl "180+1"]
[Date "2022.09.28"]
[WhiteClock "0:00:17"]
[BlackClock "0:00:19"]

1. c4 e5 2. Nc3 Nf6 3. g3 d5 4. cxd5 Nxd5 5. Bg2 Nb6 6. Nf3 Nc6 7. O-O Be7 8. d4 exd4 9. Nb5 Bf6 10. Bf4 Nd5 11. Nfxd4 Nxd4 12. Bxd5 Nxb5 13. Bxf7+ Kxf7 14. Qb3+ Be6 15. Qxb5 Qd5 16. Qa4 Bh3 17. e4 Qd4 18. Qb3+ Kg6 19. Rfe1 Rae8 20. Qf3 Qd7 21. e5 Bd8 22. Rad1 Qf5 23. Qxb7 Rhf8 24. Qxa7 h5 25. Qe3 Qe6 26. a4 h4 27. a5 Kh7 28. b4 Rg8 29. Qe4+ Bf5 30. Qd5 Qg6 31. b5 Bg5 32. Bxg5 Qxg5 33. e6 h3 34. e7 g6 35. Rd4 Rxe7 36. Rh4+ Kg7 37. Qd4+ Kf8 38. Qc5 Qf6 39. Rh7 Rg7 40. Rxe7 Rxe7 41. Qa3 Ke8 42. Rxe7+ Qxe7 43. Qxe7+ Kxe7 44. b6 cxb6 45. axb6 Be4 46. Kf1 Kd6 47. Ke1 Kc6 48. Ke2 Kxb6 49. f3 Bf5 50. Ke3 Kc6 51. Kf4 Kd6 52. g4 Bd3 53. Kg3 Ke6 54. Kxh3 Kf6 55. Kg3 Be2 56. h4 Bd1 57. Kf4 Bb3 58. h5 g5+ 59. Kg3 Be6 60. f4 gxf4+ 61. Kxf4 Bxg4 62. Kxg4 Kg7 63. Kg5 Kh8 64. h6 Kg8 65. Kg6 Kh8 66. h7 1/2-1/2


[Site "https://www.chess.com"]

[Event "Titled Tuesday Blitz September 27 Late 2022"]
[White "Van Foreest, Jorden"]
[Black "Bortnyk, Olexandr"]
[WhiteFideId "1039784"]
[BlackFideId "14120828"]
[WhiteElo "2649"]
[BlackElo "2723"]
[Result "1-0"]
[Round "11"]
[TimeControl "180+1"]
[Date "2022.09.27"]
[WhiteClock "0:00:06"]
[BlackClock "0:00:02"]

1. b3 d5 2. Bb2 Bf5 3. Nf3 e6 4. g3 Nf6 5. Bg2 Be7 6. O-O O-O 7. d3 h6 8. Nbd2 c6 9. Re1 Bh7 10. e4 a5 11. a3 Na6 12. Qe2 Nd7 13. h4 Bf6 14. e5 Be7 15. Nf1 c5 16. Ne3 b5 17. Kh2 Qb6 18. g4 Kh8 19. g5 d4 20. Ng4 h5 21. Nf6 gxf6 22. gxf6 Bxf6 23. exf6 Nxf6 24. Ng5 Qd6+ 25. Kg1 Ng4 26. Bxa8 Qh2+ 27. Kf1 Rxa8 28. Qf3 Nc7 29. Qxf7 Bf5 30. Qxh5+ Kg7 31. Qf7+ Kh6 32. Ke2 Qxf2+ 33. Kd1 Ne3+ 34. Rxe3 Qxe3 35. Bc1 Qg1+ 36. Ke2 Qg2+ 37. Ke1 Qg1+ 38. Ke2 Qg2+ 39. Ke1 Nd5 40. Nxe6+ Ne3 41. Qf6+ Bg6 42. Bxe3+ dxe3 43. Qf4+ Kh7 44. Qc7+ Kh6 45. Qg7+ Kh5 46. Nf4+ Kxh4 47. Nxg2+ Kg5 48. Nxe3 1-0


[Site "https://www.chess.com"]

[Event "Titled Tuesday Blitz September 27 Late 2022"]
[White "Wieczorek, Oskar"]
[Black "Djokic, Mihailo"]
[WhiteFideId "1133950"]
[BlackFideId "976440"]
[WhiteElo "2302"]
[BlackElo "2315"]
[Result "0-1"]
[Round "11"]
[TimeControl "180+1"]
[Date "2022.09.27"]
[WhiteClock "0:00:01"]
[BlackClock "0:00:20"]

1. e4 c5 2. Nf3 e6 3. a3 d5 4. e5 Nc6 5. b4 cxb4 6. axb4 Bxb4 7. c3 Be7 8. d4 Nh6 9. Bd3 Nf5 10. O-O h5 11. Na3 Bd7 12. Bxf5 exf5 13. Nb5 Be6 14. Ba3 O-O 15. Nd6 Na5 16. Ne1 g6 17. Nd3 Nc4 18. Nxb7 Qc7 19. Bxe7 Qxe7 20. Ndc5 a5 21. Qa4 Rfb8 22. Rfb1 f4 23. Nxe6 Qxe6 24. Nc5 Qf5 25. Re1 f3 26. Qd7 Qxd7 27. Nxd7 Rd8 28. Nc5 fxg2 29. e6 Re8 30. exf7+ Kxf7 31. Reb1 Reb8 32. Rxb8 Rxb8 33. Kxg2 Rb2 34. Kf3 Rc2 35. Rb1 Rxc3+ 36. Kf4 Rf3+ 37. Kg5 Rf5+ 38. Kh6 Rxf2 39. h4 Nd6 40. Rb6 Nf5+ 41. Kg5 Nxh4 42. Kxh4 Rf4+ 43. Kg3 Rxd4 44. Ra6 Rg4+ 45. Kf3 Rc4 46. Ne6 a4 47. Nf4 Rc3+ 48. Ke2 Rg3 0-1


[Site "https://www.chess.com"]

[Event "Titled Tuesday Blitz September 27 Late 2022"]
[White "Yoo, Christopher Woojin"]
[Black "Carlsen, Magnus"]
[WhiteFideId "30909694"]
[BlackFideId "1503014"]
[WhiteElo "2105"]
[BlackElo "2830"]
[Result "0-1"]
[Round "11"]
[TimeControl "180+1"]
[Date "2022.09.27"]
[WhiteClock "0:00:01"]
[BlackClock "0:00:29"]

1. e4 a6 2. a4 c5 3. Nf3 Nc6 4. Nc3 Nf6 5. g3 g6 6. Bg2 Bg7 7. O-O d6 8. d3 O-O 9. Re1 Bg4 10. h3 Bxf3 11. Bxf3 Rb8 12. Bg2 b5 13. axb5 axb5 14. Be3 b4 15. Ne2 Nd7 16. Qc1 Ra8 17. Rxa8 Qxa8 18. Bh6 Bxh6 19. Qxh6 Qa2 20. Qc1 Nd4 21. Nxd4 cxd4 22. e5 dxe5 23. Bc6 Nb8 24. Bb5 Qd5 25. Bc4 Qd6 26. Qg5 Nd7 27. f4 Kg7 28. fxe5 Qc5 29. Qf4 e6 30. Re4 Ra8 31. h4 h6 32. Kg2 Ra1 33. Qf2 Nxe5 34. Qxd4 Qxd4 35. Rxd4 Rb1 36. Bb3 Rxb2 37. Kf1 Nf3 38. Rxb4 Nd2+ 39. Kg1 Nxb3 40. cxb3 Kf6 41. Rf4+ Ke7 42. b4 Rb3 43. Rd4 e5 44. Re4 f6 45. d4 Rxb4 46. h5 g5 47. Re2 Rxd4 48. Ra2 Ke6 49. Ra8 Kf5 50. Rh8 Rd3 51. Kf2 Kg4 52. Rxh6 Rf3+ 53. Ke2 f5 54. Rf6 Rxg3 55. h6 Rh3 0-1


[Site "https://www.chess.com"]

[Event "Titled Tuesday Blitz September 27 Late 2022"]
[White "Zhigalko, Sergei"]
[Black "Janaszak, Dawid"]
[WhiteFideId "13502956"]
[BlackFideId "1119206"]
[WhiteElo "2662"]
[BlackElo "2165"]
[Result "1-0"]
[Round "11"]
[TimeControl "180+1"]
[Date "2022.09.27"]
[WhiteClock "0:02:23"]
[BlackClock "0:01:26"]

1. e4 c5 2. Nf3 e6 3. c3 Nf6 4. e5 Nd5 5. Bc4 Nb6 6. Bb3 d5 7. exd6 Bxd6 8. d4 cxd4 9. cxd4 Bd7 10. Nc3 Bc6 11. O-O N8d7 12. Re1 O-O 13. Ne5 Bxe5 14. dxe5 Nc5 15. Qg4 Nxb3 16. Bh6 g6 17. axb3 f5 18. exf6 Rxf6 19. Bg5 Bd7 20. Ne4 1-0